 Dungeon Crawl Stone Soup version 0.27.1-33-g824d729ab1 (webtiles) character file.

Game seed: 288974985228883962

4799 Ekaitz the Firebug (level 10, -8/72 HPs)
             Began as a Demonspawn Fire Elementalist on Dec 20, 2021.
             Was a Believer of Sif Muna.
             Mangled by a wyvern (15 damage)
             ... on level 8 of the Dungeon.
             The game lasted 00:21:12 (9801 turns).

Ekaitz the Firebug (Demonspawn Fire Elementalist)   Turns: 9801, Time: 00:21:13

Health: -8/72      AC:  9    Str: 10    XL:     10   Next: 24%
Magic:  2/17       EV: 13    Int: 18    God:    Sif Muna [**....]
Gold:   193        SH:  0    Dex: 20    Spells: 3/19 levels left

rFire    + . .     SeeInvis .   t - staff of fire
rCold    + . .     Faith    .   (no shield)
rNeg     . . .     Spirit   .   a - +0 robe
rPois    .         Reflect  .   (helmet restricted)
rElec    .         Harm     .   f - +0 cloak
rCorr    .         Rampage  .   v - +1 pair of gloves
Will     .....                  (no boots)
Stlth    ++........             (no amulet)
HPRegen  0.22/turn              e - +6 ring of dexterity
MPRegen  0.15/turn              n - ring of wizardry

@: marked
A: horns 2, icy blue scales 3
a: Renounce Religion, Channel Magic


You were on level 8 of the Dungeon.
You worshipped Sif Muna.
Sif Muna was pleased with you.
You visited 2 branches of the dungeon, and saw 9 of its levels.

You collected 330 gold pieces.
You spent 137 gold pieces at shops.

Inventory:

Hand Weapons
 b - a +2 dagger of electrocution
 c - a +0 hunting sling
 p - a +2 vorpal mace
 q - a +4 mace
 u - a +3 dagger of distortion
 D - a +1 whip of venom
 Q - a +1 dagger of draining
 R - a +2 vorpal flail
 S - a +0 short sword of draining
 W - a +4 falchion of freezing
Missiles
 d - 51 poisoned darts
 i - 239 stones
 K - 20 sling bullets
 N - a throwing net
Armour
 a - a +0 robe (worn)
 f - a +0 cloak (worn)
 v - a +1 pair of gloves (worn)
Magical Staves
 t - a staff of fire (weapon)
Jewellery
 e - a +6 ring of dexterity (left hand)
 n - a ring of wizardry (right hand)
 r - a ring of ice
Wands
 y - a wand of paralysis (6)
 L - a wand of iceblast (4)
 O - a wand of polymorph (4)
 U - a wand of mindburst (21)
Scrolls
 g - a scroll of enchant weapon {unknown}
 h - a scroll of acquirement {unknown}
 l - a scroll of brand weapon {unknown}
 o - 8 scrolls of identify {unknown}
 s - a scroll of magic mapping {unknown}
 z - a scroll of vulnerability {unknown}
 A - a scroll of enchant armour {unknown}
 C - a scroll of immolation {unknown}
 F - a scroll of fog {unknown}
 G - a scroll of torment {unknown}
 H - 2 scrolls of holy word {unknown}
 I - 2 scrolls of teleportation {unknown}
 J - a scroll of fear {unknown}
 P - 2 scrolls of blinking
 X - a scroll of amnesia {unknown}
Potions
 j - a potion of magic {unknown}
 k - 2 potions of haste {unknown}
 m - a potion of might {unknown}
 w - a potion of resistance {unknown}
 x - a potion of attraction {unknown}
 B - 3 potions of brilliance {unknown}
 E - 5 potions of heal wounds
 M - a potion of flight {unknown}
 T - 2 potions of berserk rage {unknown}
 V - a potion of lignification {unknown}


   Skills:
 * Level 4.3 Fighting
 + Level 2.3 Dodging
 + Level 2.7 Stealth
 + Level 5.2 Spellcasting
 * Level 6.9 Conjurations
 * Level 5.3 Hexes
 * Level 7.7 Fire Magic
 + Level 5.3 Evocations


You had 3 spell levels left.
You knew the following spells:

 Your Spells              Type           Power      Damage    Failure   Level
a - Foxfire               Conj/Fire      100%       2x1d9     1%          1
b - Inner Flame           Hex/Fire       42%        N/A       1%          3
c - Conjure Flame         Conj/Fire      46%        6-21      1%          3
d - Sticky Flame          Conj/Fire      46%        2d6       2%          4
e - Fireball              Conj/Fire      23%        3d11      7%          5

Your spell library contained the following spells:

 Spells                   Type           Power      Damage    Failure   Level
 Corona                   Hex            25%        N/A       1%          1
 Dazzling Flash           Conj/Hex       52%        N/A       1%          3
 Animate Skeleton         Necr           8%         N/A       5%          1
 Apportation              Tloc           8%         N/A       5%          1
 Summon Small Mammal      Summ           16%        N/A       5%          1
 Ignite Poison            Fire/Tmut/Pois 21%        N/A       6%          3
 Mephitic Cloud           Conj/Pois/Air  13%        N/A       6%          3
 Iskenderun's Mystic Bla  Conj/Tloc      17%        2d5       12%         4
 Bolt of Magma            Conj/Fire/Erth 16%        4d9       19%         5
 Starburst                Conj/Fire      23%        6d8       34%         6
 Silence                  Hex/Air        7%         N/A       43%         5
 Agony                    Necr           4%         N/A       78%         5


Dungeon Overview and Level Annotations

Branches:
Dungeon (7/15)             Temple (1/1) D:5

Altars:
Ashenzari
Cheibriados
Dithmenos
Elyvilon
Fedhas
Gozag
Hepliaklqana
Kikubaaqudgha
Makhleb
Nemelex Xobeh
Okawaru
Qazlal
Ru
Sif Muna
Trog
Uskayaw
Vehumet
Wu Jian
Xom
Yredelemnul
Zin
The Shining One

Shops:
D:5 *


Innate Abilities, Weirdness & Mutations

You have a pair of horns on your head.
You are completely covered in icy blue scales. (AC +4, rC+)


Message History

You see here a bullfrog corpse.
The wyvern bites you but does no damage.
A wyvern comes into view.
A water moccasin comes into view.
Items here: )) [ †.
The wyvern bites you but does no damage.
You hit the bullfrog. You burn the bullfrog. You headbutt the bullfrog.
The bullfrog is severely wounded.
The bullfrog hits you but does no damage.
The wyvern bites you! The wyvern bites you.
An orc comes into view. It is wielding a +0 dagger.
The bullfrog barely misses you. The wyvern closely misses you. x2
The bullfrog misses you.
A basilisk comes into view.
The bullfrog hits you.
A water moccasin comes into view.
The wyvern bites you.
The wyvern hisses menacingly.
The bullfrog hits you but does no damage.
The wyvern bites you but does no damage.
The bullfrog releases a deep croak.
Found a quarterstaff.
The wyvern bites you but does no damage.
Casting: Foxfire (safe; 1% risk of failure)
Confirm with . or Enter, or press ? or * to list all spells.
Aiming: Sticky Flame (dangerous; 2% risk of failure)
Press: ? - help, Shift-Dir - straight line, f - wyvern
Aim: a wyvern (100% to hit)
You feel a surge of power!
The sticky flame hits the wyvern.
The wyvern is lightly wounded.
The wyvern is covered in liquid flames!
The wyvern burns!
The wyvern bites you!
* * * LOW HITPOINT WARNING * * *
The wyvern bites you.
* * * LOW HITPOINT WARNING * * *
The wyvern burns!
Found 12 arrows.
The wyvern burns!
The wyvern stops burning.
The wyvern bites you!
* * * LOW HITPOINT WARNING * * *
The wyvern bites you but does no damage.
Found 14 gold pieces.
The wyvern bites you!
You die...

##.###.##.####....(..#
##....................#
#>......l......†.######
...............#...###
...........).....#...#
.......S..†)Y.†.####....#
.......o.o....nS# ##....
.......#######.l# #..
#....).....@.##l# #
....########l##.## $.##
##...)#F##..# #
#.....#l###.#
$..(...#.l.lS#
###....####### ......
####.. #.


You could see 3 wyverns and a bullfrog.

Vanquished Creatures
  Pikel (D:6)
  Prince Ribbit (D:5)
  A wyvern (D:8)
  Edmund (D:6)
  2 water moccasins
  4 orc warriors
  Duvessa (D:6)
  A necrophage (D:5)
  2 ice beasts
  A sky beast (D:7)
  3 black bears
  6 ogres
  A centaur (D:5)
  A phantom (D:6)
  3 kobold brigands (D:7)
  4 lemures (D:6)
  3 bullfrogs
  2 scorpions
  2 wyvern skeletons
  Dowan (D:6)
  4 wights (D:7)
  2 bullfrog zombies
  3 hounds
  Crazy Yiuf (D:2)
  2 orc priests
  4 jellies
  A bullfrog skeleton (D:4)
  2 gnoll shamans
  5 iguanas
  A scorpion zombie (D:5)
  7 orc wizards
  4 adders
  8 gnolls
  A shadow imp (D:5)
  A white imp (D:6)
  2 ufetubi
  2 worms (D:3)
  5 dart slugs
  29 orcs
  6 endoplasms
  2 giant cockroaches
  7 goblins
  7 hobgoblins
  4 jackals (D:1)
  A quokka (D:2)
  5 ball pythons
  5 bats
  4 frilled lizards
  9 kobolds
  4 rats
179 creatures vanquished.

Vanquished Creatures (others)
  848 foxfires
  2 plants (D:8)
850 creatures vanquished.

Grand Total: 1029 creatures vanquished

Notes
Turn   | Place    | Note
-------+----------+-------------------------------------------
     0 | D:1      | Ekaitz the Demonspawn Fire Elementalist began the quest for
                  | the Orb.
     0 | D:1      | Reached XP level 1. HP: 13/13 MP: 3/3
   246 | D:1      | Reached skill level 3 in Fire Magic
   391 | D:1      | Gained mutation: You are partially covered in icy blue
                  | scales. (AC +2) [demonic ancestry]
   391 | D:1      | Reached XP level 2. HP: 19/19 MP: 1/5
  1533 | D:1      | Reached XP level 3. HP: 25/25 MP: 6/6
  1537 | D:1      | Learned a level 3 spell: Inner Flame
  2013 | D:2      | Found a runed translucent door.
  2014 | D:2      | Noticed Crazy Yiuf
  2053 | D:2      | Killed Crazy Yiuf
  2054 | D:2      | Reached XP level 4. HP: 21/31 MP: 0/7
  2507 | D:2      | Learned a level 3 spell: Conjure Flame
  3110 | D:3      | Found a faded altar of an unknown god.
  3518 | D:3      | Reached skill level 1 in Hexes
  3737 | D:4      | Noticed an ogre
  3742 | D:4      | Killed an ogre
  3743 | D:4      | Reached skill level 1 in Fighting
  3743 | D:4      | Reached skill level 4 in Fire Magic
  3743 | D:4      | Gained mutation: You have a pair of small horns on your
                  | head. [demonic ancestry]
  3743 | D:4      | Reached XP level 5. HP: 37/37 MP: 2/8
  3885 | D:4      | Reached skill level 1 in Evocations
  4279 | D:4      | Gained mutation: You have a pair of horns on your head.
                  | [demonic ancestry]
  4279 | D:4      | Reached XP level 6. HP: 43/43 MP: 4/10
  4716 | D:5      | Entered Level 5 of the Dungeon
  4717 | D:5      | Found Imis's General Store.
  4843 | D:5      | Gained mutation: You are mostly covered in icy blue scales.
                  | (AC +3) [demonic ancestry]
  4843 | D:5      | Reached XP level 7. HP: 49/49 MP: 5/11
  5043 | D:5      | Reached skill level 5 in Fire Magic
  5050 | D:5      | Noticed Prince Ribbit
  5550 | D:5      | Reached XP level 8. HP: 41/57 MP: 8/13
  5649 | D:5      | Killed Prince Ribbit
  5655 | D:5      | Learned a level 4 spell: Sticky Flame
  5868 | D:5      | Found a staircase to the Ecumenical Temple.
  5876 | Temple   | Entered the Ecumenical Temple
  6281 | Temple   | Became a worshipper of Sif Muna the Loreminder
  6437 | D:5      | Reached skill level 6 in Fire Magic
  6718 | D:6      | Found a burning altar of Makhleb.
  6727 | D:6      | Noticed Dowan
  6729 | D:6      | Noticed Duvessa
  6732 | D:6      | Killed Dowan
  6737 | D:6      | Killed Duvessa
  6738 | D:6      | Reached skill level 5 in Conjurations
  7377 | D:6      | Reached XP level 9. HP: 58/64 MP: 11/15
  7383 | D:6      | Learned a level 5 spell: Fireball
  7540 | D:6      | Reached * piety under Sif Muna
  7542 | D:6      | Noticed Edmund
  7552 | D:6      | Killed Edmund
  7822 | D:6      | Noticed Pikel
  8032 | D:6      | Killed Pikel
  8033 | D:6      | Reached skill level 7 in Fire Magic
  8578 | D:5      | Bought a scroll of blinking for 82 gold pieces
  8578 | D:5      | Bought a potion of heal wounds for 55 gold pieces
  9153 | D:7      | Reached skill level 5 in Spellcasting
  9176 | D:7      | Reached skill level 5 in Hexes
  9176 | D:7      | Gained mutation: You are completely covered in icy blue
                  | scales. (AC +4, rC+) [demonic ancestry]
  9176 | D:7      | Reached XP level 10. HP: 60/71 MP: 0/17
  9341 | D:7      | Reached ** piety under Sif Muna
  9481 | D:7      | Reached skill level 5 in Evocations
  9696 | D:7      | You fall into a shaft and drop 1 floor!
  9801 | D:8      | Mangled by a wyvern

Illustrated notes

Levels and vault maps discovered:
D:1:      lemuel_arrival_funnel, layout_loops_corners, minivault_4
D:2:      layout_basic, uniq_crazy_yiuf_cottage
D:3:      layout_loops_ring, ebering_ecumenical_altar_rust,
          grunt_decor_resistance
D:4:      layout_gridville, due_unseen_surprise
D:5:      layout_basic, minmay_temple_entry_trees, nicolae_take_the_stairs,
          hangedman_glass_teeth, chequers_serial_rivers_micro_b,
          minmay_quadrilaterals, uniq_prince_ribbit1
D:6:      layout_layer_cave, nicolae_overflow_crystal_walls, st_stairs_7,
          uniq_duvessa, uniq_edmund, uniq_pikel
D:7:      minmay_the_grid_octo_tiled_squarecenter [minmay_the_grid_octo_77,
          minmay_the_grid_octo_pinwheel, minmay_the_grid_octo_fat_diamond,
          minmay_the_grid_octo_focus,
          minmay_the_grid_square_5x5_megaprize_hollow,
          minmay_the_grid_square_5x5_seven, minmay_the_grid_square_5x5_shrine1,
          minmay_the_grid_square_5x5_eight,
          minmay_the_grid_square_5x5_inverted_slash], layout_rooms
D:8:      layout_rooms, minmay_lair_entry_grove, serial_co_window_serial,
          co_window_corner_a, co_window_paths_a, co_window_paths_b,
          co_window_paths_b, co_window_of_opportunity_a, co_window_paths_b,
          co_window_paths_b, co_window_broadway_a, co_window_2corner,
          co_window_paths_c, minmay_misc_feat_x
Temple:   compressed_dpeg_triangle_lava_temple

Skill      XL: |  1  2  3  4  5  6  7  8  9 10 |
---------------+-------------------------------+-----
Fire Magic     | 3 4 5 6 7 |  7.7
Stealth        | 2 |  2.7
Dodging        | 2 |  2.3
Hexes          | 1 2 3 5 |  5.3
Conjurations   | 2 3 4 5 6 |  6.9
Fighting       | 1 2 3 4 |  4.3
Evocations     | 1 2 3 4 5 |  5.3
Spellcasting   | 3 4 5 |  5.2

Action                   |  1- 3 |  4- 6 |  7- 9 | 10-12 || total
-------------------------+-------+-------+-------+-------++-------
Melee: Dagger            |    19 |     2 |     1 |       ||    22
       Staff             |       |     1 |     5 |     5 ||    11
       Headbutt          |       |       |     1 |     2 ||     3
 Cast: Foxfire           |    52 |   106 |   260 |    51 ||   469
       Inner Flame       |     1 |     1 |     7 |     1 ||    10
       Conjure Flame     |       |       |     6 |     3 ||     9
       Sticky Flame      |       |       |     6 |     4 ||    10
 Stab: Sleeping          |     6 |     1 |     1 |       ||     8
Armor: Robe              |    18 |    11 |    18 |    14 ||    61
Dodge: Dodged            |    38 |    13 |    43 |    18 ||   112
